 Dungeon Crawl Stone Soup version 0.31-a0-879-g1609e0ac53 (webtiles) character file.

Game seed: 5839405733081635023

1 Kurtz the Sneak (level 1, 0/21 HPs)
             Began as a Naga Delver on Oct 14, 2023.
             Slain by a hound (6 damage)
             ... on level 5 of the Dungeon.
             The game lasted 00:00:27 (257 turns).

Kurtz the Sneak (Naga Delver)                        Turns: 257, Time: 00:00:28

Health: 0/21       AC:  1    Str: 14    XL:     1   Next: 20%
Magic:  1/1        EV:  9    Int: 10    God:
Gold:   36         SH:  0    Dex: 12    Spells: 0/0 levels left

rFire   . . .        a - +0 hand axe
rCold   . . .        (no shield)
rNeg    . . .        b - +0 leather armour
rPois   +            (no helmet)
rElec   .            (no cloak)
rCorr   .            (no gloves)
SInv    +            (no barding)
Will    .....        (no amulet)
Stlth   +++          (no ring)
HPRegen 0.23/turn    (no ring)
MPRegen 0.07/turn

%: no passive effects
@: short of breath, very slow
A: AC +0, large, see invisible, deformed body, poison resistance, slowness 2,
spit poison 1, naga tail 1
a: Spit Poison


You were on level 5 of the Dungeon.
You visited 1 branch of the dungeon, and saw 1 of its levels.

You collected 36 gold pieces.

Inventory:

Hand Weapons
 a - a +0 hand axe (weapon)
Armour
 b - a +0 leather armour (worn)
Wands
 g - a wand of digging (3)
Scrolls
 c - a scroll of fog
 d - a scroll of revelation
 e - a scroll of fear
 h - a scroll of noise {unknown}
Potions
 f - a potion of haste


   Skills:
 - Level 3.0 Fighting
 * Level 2.1 Axes
 - Level 1.5 Dodging
 - Level 7.2 Stealth


You couldn't memorise any spells.
You didn't know any spells.
Your spell library was empty.

Dungeon Overview and Level Annotations

Branches:
Dungeon (5/15)
 Temple: D:4-7

Altars:

Annotations:
D:5 exclusion: iguana


Innate Abilities, Weirdness & Mutations

Your serpentine skin is tough. (AC +0)
You have supernaturally acute eyesight. (SInv)
Armour fits poorly on your strangely shaped body.
Your system is resistant to poisons. (rPois)
You cover ground very slowly.
You can spit poison.
You have a snake-like lower body.


Message History

There is an open door here.
There is an open door here.
Found a robe.
An iguana comes into view.
An iguana is nearby!
Press: ? - help, v - describe, . - travel
Here: an iguana (asleep)
The floor.
Placed new exclusion.
A hound comes into view.
The hound barks!
A hound is nearby!
Aiming: Spit Poison (3% risk of failure)
Press: ? - help, Shift-Dir - straight line, f - hound
Aim: a hound (38% to hit)
The splash of poison hits the hound.
The hound is lightly wounded.
Unknown command.
You have got your breath back.
The hound bites you.
Aiming: Spit Poison (3% risk of failure)
Press: ? - help, Shift-Dir - straight line, f/p - hound
Aim: a hound (lightly wounded, 38% to hit)
The splash of poison hits the hound.
The hound is heavily wounded.
The hound bites you.
Unknown command.
You barely miss the hound.
The hound is heavily wounded.
The hound bites you. x2
You miss the hound.
The hound is heavily wounded.
The hound bites you but does no damage. The hound bites you.
* * * LOW HITPOINT WARNING * * *
Unknown command.
Okay, then.
You hit the hound.
The hound is heavily wounded.
The hound bites you.
You die...

####.#.## ....###.# #.
####.#.## #.# ##...##
#.# ##.....## #.#
#.......# #.#
#.......# #.##
##..[....# #..##
#.......#######.@.####
................h....+
.......########...####
.#..##.# #..##
.##.##.# #..# ....##.#
##.# ..####.# #.#
..####.# #.# ........l
#.#


You could see a hound.

Vanquished Creatures
  A quokka (D:5)
1 creature vanquished.

Notes
Turn   | Place    | Note
-------+----------+-------------------------------------------
     0 | D:5      | Kurtz the Naga Delver began the quest for the Orb.
     0 | D:5      | Reached XP level 1. HP: 21/21 MP: 1/1
   146 | D:5      | Noticed an iguana
   210 | D:5      | Noticed an iguana
   249 | D:5      | Noticed a hound
   257 | D:5      | Slain by a hound

Illustrated notes

Levels and vault maps discovered:
D:5:      layout_loops_corners, nicolae_overflow_two_pavilions,
          kiku_gazebo_pond_becter, minmay_temple_entry_hall, dk_noncrumbling_2,
          uniq_grinder

Action                     || total
---------------------------++-------
  Melee: Hand axe          ||    10
Ability: Spit Poison       ||     2
   Stab: Sleeping          ||     1
 Armour: Leather armour    ||    12
  Dodge: Dodged            ||     3

Table legend: (Time is in decaauts)
 A = Elapsed time spent in this place.
 B = Non-inter-level travel time spent in this place.
 C = Inter-level travel time spent in this place.
 D = Time resting spent in this place.
 E = Time spent auto-exploring this place.
 F = Levels seen in this place.
 G = Mean time per level.
                   A        B        C        D        E       F      G
               +--------+--------+--------+--------+--------+-----+--------+
         Total |    333 |    333 |      0 |     52 |    185 |   1 |  333.0 |
       Dungeon |    333 |    333 |      0 |     52 |    185 |   1 |  333.0 |
               +--------+--------+--------+--------+--------+-----+--------+

Top non-repeatable levels by time:
     D:5: 333 daAuts
